Map: Alcyone LE

Players

Applepi - Winner!

  • Race: Zerg Zerg
  • League: Gold
  • Spawn Location: 1:00

A.I. 1 (Very Hard)

  • Race: Protoss Protoss
  • Spawn Location: 7:00

VOD

Have the link to the VOD?

Description

Time

  • Played on: June 19, 2025, 5:47 a.m.
  • Length: 12:43
Show
View Real Time Build Order
Export as new Build Order

Applepi Zerg - Winner!

Build Orders: Pool First 

Get SALT Encoding   

  12  0:03  Drone  
  13  0:13  Overlord  
  13  0:18  Drone  
  14  0:32  Drone x2  
  16  0:40  Extractor  
  15  0:47  Spawning Pool  
  14  0:50  Drone  
  14  0:52  Drone  
  16  1:00  Drone  
  17  1:08  Overlord  
  17  1:19  Drone  
  18  1:32  Hatchery  
  17  1:35  Zergling x2  
  18  1:44  Drone  
  19  1:52  Queen  
  21  1:57  Drone  
  22  2:11  Drone  
  22  2:15  Drone  
  24  2:23  Metabolic Boost  
  24  2:27  Overlord  
  24  2:28  Queen  
  26  2:35  Drone  
  27  2:50  Drone x2  
  29  2:55  Queen  
  31  3:05  Drone x2  
  33  3:12  Lair  
  33  3:18  Evolution Chamber  
  32  3:27  Drone  
  32  3:28  Drone, Roach Warren  
  32  3:31  Queen, Drone  
  36  3:36  Drone x2  
  38  3:45  Zerg Melee Weapons Level 1  
  38  3:51  Drone x2  
  38  3:54  Overlord  
  40  3:58  Overlord  
  40  4:08  Drone x2  
  40  4:09  Drone x2  
  44  4:12  Overlord  
  44  4:14  Overlord  
  44  4:21  Roach x2  
  44  4:22  Roach  
  50  4:24  Zergling x2  
  51  4:33  Roach x2  
  51  4:34  Roach  
  51  4:36  Zergling x2  
  58  4:44  Drone x3  
  58  4:45  Extractor  
  60  4:50  Roach  
  60  4:51  Roach  
  60  4:52  Zergling x4  
  66  5:07  Roach  
  66  5:08  Roach  
  66  5:10  Overlord x2  
  66  5:13  Zergling x2  
  66  5:14  Zergling x6  
  74  5:23  Overlord x2  
  74  5:38  Glial Reconstitution  
  74  5:39  Zerg Missile Weapons Level 1  
  74  5:42  Overlord x2  
  74  5:45  Roach  
  74  5:46  Zergling x8  
  80  5:57  Roach  
  80  5:58  Zergling x2, Roach x2  
  80  5:59  Zergling x2  
  88  6:07  Roach x2  
  92  6:18  Overlord x2  
  92  6:21  Roach  
  92  6:22  Roach  
  96  6:28  Drone  
  96  6:29  Drone  
  98  6:35  Roach  
  98  6:36  Roach x2  
  104  6:49  Overlord x2  
  104  6:54  Roach x2  
  108  7:04  Roach  
  108  7:05  Roach x4  
  118  7:13  Hatchery  
  117  7:16  Drone x3  
  117  7:22  Extractor, Overlord x2  
  119  7:25  Roach  
  119  7:26  Roach x2  
  113  7:32  Roach  
  110  7:38  Roach x3  
  104  7:46  Roach x2  
  102  7:56  Roach x2  
  102  7:57  Zergling x2, Roach  
  105  8:04  Roach x2  
  105  8:05  Zergling x2  
  108  8:11  Overlord x2  
  102  8:30  Overlord x2  
  102  8:33  Roach x6  
  110  8:43  Overlord x2  
  106  8:54  Roach x3  
  112  8:56  Queen  
  112  8:57  Drone  
  112  9:00  Drone x2  
  112  9:01  Drone x5  
  122  9:08  Overlord  
  122  9:19  Roach x6  
  132  9:31  Queen, Overlord x2  
  132  9:33  Roach  
  132  9:34  Roach x3  
  140  9:42  Zergling x4  
  140  10:02  Overlord x2  
  140  10:05  Roach  
  140  10:06  Roach x6  
  150  10:19  Roach x8  
  166  10:37  Overlord x2  
  166  10:40  Roach x5  
  166  10:41  Zergling x6  
  178  10:47  Drone x2  
  178  10:48  Drone  
  178  10:50  Extractor, Roach  
  179  11:18  Roach x10  
  199  11:39  Zergling x2  
Show
View Real Time Build Order
Export as new Build Order

A.I. 1 (Very Hard) Protoss 

Build Orders: 1 Gate Expand, Colossus Rush 

Get SALT Encoding   

  12  0:00  Probe  
  13  0:13  Probe  
  14  0:20  Pylon  
  14  0:25  Probe  
  15  0:34  Probe  
  15  0:42  Probe  
  16  0:49  Gateway  
  17  0:52  Probe  
  18  1:00  Probe  
  19  1:14  Probe  
  19  1:17  Nexus  
  20  1:26  Probe  
  21  1:34  Pylon  
  21  1:37  Zealot  
  23  1:44  Cybernetics Core  
  23  1:47  Assimilator  
  23  1:52  Probe  
  24  2:01  Probe  
  25  2:09  Probe  
  26  2:18  Probe  
  26  2:22  Pylon  
  27  2:26  Probe  
  27  2:29  Warp Gate, Probe  
  28  2:31  Gateway  
  29  2:37  Assimilator, Probe  
  30  2:45  Stalker  
  32  2:53  Probe  
  32  2:54  Pylon  
  32  2:55  Probe  
  34  3:04  Probe  
  34  3:05  Probe  
  36  3:14  Adept  
  36  3:17  Probe  
  36  3:18  Adept  
  36  3:19  Probe  
  41  3:25  Robotics Facility  
  41  3:27  Probe  
  42  3:31  Probe  
  44  3:36  Probe  
  45  3:43  Probe  
  45  3:44  Adept  
  45  3:45  Probe  
  45  3:47  Adept  
  50  3:55  Probe  
  50  3:58  Probe  
  52  4:03  Pylon  
  52  4:07  Probe  
  53  4:10  Probe  
  53  4:13  Robotics Bay  
  53  4:14  Adept  
  56  4:17  Pylon  
  56  4:20  Probe  
  56  4:22  Adept  
  56  4:23  Observer  
  60  4:27  Probe  
  60  4:30  Pylon  
  61  4:32  Probe  
  62  4:39  Gateway  
  62  4:45  Robotics Facility  
  62  4:51  Stalker  
  64  4:56  Probe  
  64  5:00  Stalker  
  64  5:02  Pylon  
  66  5:14  Zealot  
  66  5:16  Pylon  
  68  5:21  Zealot  
  70  5:29  Gateway  
  70  5:32  Zealot  
  70  5:34  Colossus, Zealot  
  80  5:43  Probe  
  80  5:46  Pylon  
  81  6:00  Twilight Council  
  81  6:02  Assimilator  
  81  6:04  Pylon, Assimilator  
  81  6:16  Forge  
  81  6:18  Gateway  
  81  6:24  Probe x2  
  83  6:26  Forge  
  83  6:35  Probe  
  83  6:36  Probe  
  85  6:41  Nexus, Templar Archives  
  85  6:48  Probe  
  85  6:50  Stalker, Warp Prism  
  85  6:53  Photon Cannon  
  90  6:54  Photon Cannon  
  90  6:56  Pylon  
  90  7:00  Sentry  
  92  7:05  Stalker, Warp Prism  
  92  7:06  Zealot  
  98  7:12  Zealot  
  98  7:13  Zealot  
  102  7:19  Pylon  
  102  7:23  High Templar  
  102  7:26  Zealot  
  102  7:28  Zealot  
  106  7:30  Zealot  
  106  7:33  Zealot  
  102  7:42  Immortal  
  102  7:43  Zealot  
  90  7:47  Zealot  
  90  7:48  High Templar  
  80  7:53  Probe x2, Zealot, Sentry  
  80  7:54  Probe  
  77  8:02  Stalker  
  77  8:05  Probe  
  72  8:06  Probe x2  
  72  8:07  Stalker, Zealot  
  72  8:08  Zealot  
  72  8:17  Probe  
  72  8:18  Probe x2  
  69  8:20  High Templar  
  69  8:24  Zealot  
  69  8:25  Stalker  
  68  8:29  Assimilator, Probe, Zealot  
  68  8:30  Probe, Zealot  
  62  8:40  Probe  
  59  8:42  High Templar  
  59  8:43  Probe  
  59  8:44  Adept  
  50  8:49  Zealot  
  50  8:50  Stalker  
  53  8:55  High Templar  
  53  9:02  Stalker  
  57  9:09  Stalker  
  59  9:11  Stalker  
  59  9:13  Probe, Zealot  
  59  9:15  Probe  
  66  9:17  Probe  
  66  9:18  Sentry  
  68  9:25  Probe  
  68  9:27  Probe  
  68  9:28  Adept  
  68  9:29  Probe  
  57  9:35  Zealot  
  57  9:38  Probe  
  53  9:45  High Templar  
  47  9:51  Zealot  
  32  10:12  High Templar  
  25  10:25  Archon  
  20  10:44  High Templar  
  17  11:14  High Templar  
  15  11:37  Pylon  
  15  11:48  High Templar  
  15  11:51  Pylon  
Tags
 
Add a new tag
Caveats
  • Supply blocks, unpowered buildings, or Contaminate may cause inaccurate times.
  • Supply counts are checked every 10 seconds.